 Dungeon Crawl Stone Soup version 0.28-a0-793-g31680bbd8b (webtiles) character file.

Game seed: 11772907391940577331

11823 Woods the Thaumaturge (level 12, -3/85 HPs)
             Began as a Djinni Fire Elementalist on Nov 4, 2021.
             Was a Priest of Makhleb.
             Slain by a five-headed hydra (11 damage)
             ... on level 11 of the Dungeon.
             The game lasted 00:29:33 (15279 turns).

Woods the Thaumaturge (Djinni Fire Elementalist)   Turns: 15279, Time: 00:29:34

Health: -3/85      AC:  7    Str:  7    XL:     12   Next: 12%
Gold:   1073       EV: 14    Int: 20    God:    Makhleb [***...] SH:  0 Dex: 16

rFire   + + +      SeeInvis .   H - staff of fire
rCold   . . .      Faith    .   (no shield)
rNeg    . . .      Spirit   .   C - +1 robe of the Desert {Regen+ MP+9}
rPois   ∞          Reflect  .   x - +0 helmet
rElec   .          Harm     .   e - +0 cloak
rCorr   .          Rampage  .   L - +1 pair of gloves
Will    +....                   (boots unavailable)
Stlth   +++.......              (no amulet)
HPRegen 1.24/turn               K - ring of wizardry
MPRegen 0.00/turn               E - ring of protection from cold

@: flying
A: sickness immunity, fire resistance 2, cold vulnerability 1, float, innate
caster, hp casting, extra vitality 1
a: Renounce Religion, Minor Destruction, Lesser Servant of Makhleb


You were on level 11 of the Dungeon.
You worshipped Makhleb.
Makhleb was most pleased with you.
You visited 2 branches of the dungeon, and saw 12 of its levels.
You also visited: Bailey.

You collected 1490 gold pieces.
You spent 417 gold pieces at shops.

Inventory:

Hand Weapons
 B - a +1 trident of protection
Missiles
 A - 16 throwing nets
Armour
 e - a +0 cloak (worn)
 x - a +0 helmet (worn)
 y - the +8 plate armour of Resonant Mirth {rPois Will+ Regen+ Dex+2}
   (You found it on level 6 of the Dungeon)

   Dex:       It affects your dexterity (+2).
   rPois:     It protects you from poison.
   Regen:     It increases your rate of health regeneration.
   Will:      It increases your willpower.
 C - the +1 robe of the Desert (worn) {Regen+ MP+9}
   (You found it in a bailey)

   MP:        It affects your magic capacity (+9).
   Regen:     It increases your rate of health regeneration.
 L - a +1 pair of gloves (worn)
Magical Staves
 H - a staff of fire (weapon)
Jewellery
 f - a +6 ring of strength
 E - a ring of protection from cold (right hand)
 K - a ring of wizardry (left hand)
Wands
 n - a wand of flame (67)
 s - a wand of charming (8)
Scrolls
 c - 2 scrolls of enchant armour {unknown}
 h - 3 scrolls of brand weapon {unknown}
 i - 8 scrolls of teleportation
 j - a scroll of vulnerability {unknown}
 k - 4 scrolls of fog
 l - 4 scrolls of fear
 m - a scroll of blinking {unknown}
 r - a scroll of identify
 w - 2 scrolls of magic mapping {unknown}
 D - 2 scrolls of enchant weapon {unknown}
 F - 2 scrolls of silence {unknown}
 G - 2 scrolls of acquirement {unknown}
 M - a scroll of noise {unknown}
Potions
 b - 3 potions of berserk rage
 d - a potion of mutation {unknown}
 g - 5 potions of curing
 o - a potion of might {unknown}
 p - a potion of resistance {unknown}
 q - a potion of flight {unknown}
 u - 5 potions of attraction {unknown}
 v - a potion of ambrosia {unknown}
 z - 2 potions of heal wounds {unknown}
 I - a potion of haste {unknown}
 J - a potion of brilliance {unknown}
Miscellaneous
 t - a phial of floods


   Skills:
 + Level 7.3 Fighting
 - Level 5.0 Dodging
 - Level 4.0 Stealth
 - Level 12.0 Spellcasting
 - Level 5.0 Invocations


You had 9 spell levels left.
You knew the following spells:

 Your Spells              Type           Power      Damage    Failure   Level
a - Foxfire               Conj/Fire      100%       2x1d9     1%          1
b - Scorch                Fire           100%       2d10      1%          2
c - Conjure Flame         Conj/Fire      74%        6-21      1%          3
d - Inner Flame           Hex/Fire       74%        N/A       1%          3
e - Flame Wave            Conj/Fire      74%        3d13      1%          4
f - Sting                 Tmut/Pois      100%       1d8       1%          1
g - Poisonous Vapours     Pois/Air       100%       N/A       1%          2
h - Ignite Poison         Fire/Tmut/Pois 74%        N/A       1%          3
i - Portal Projectile     Hex/Tloc       100%       N/A       1%          3
j - Summon Lightning Spi  Summ/Air       56%        N/A       1%          4
Your spell library was empty.

Dungeon Overview and Level Annotations

Branches:
Dungeon (11/15)            Temple (1/1) D:6            Lair (0/6) D:9
 Bailey (visited)
    Orc: D:9-12

Altars:
Ashenzari
Cheibriados
Dithmenos
Elyvilon
Fedhas
Gozag
Hepliaklqana
Kikubaaqudgha
Makhleb
Nemelex Xobeh
Okawaru
Qazlal
Ru
Sif Muna
Trog
Uskayaw
Vehumet
Wu Jian
Xom
Yredelemnul
Zin
The Shining One

Shops:
D:4 *[[   D:7 (   D:8 *(   D:10 *

Annotations:
D:4 3 runed translucent doors, Dvallin's ghost, novice KoGl
D:5 3 runed translucent doors, SirDiesAlot's ghost, weakling MiDe


Innate Abilities, Weirdness & Mutations

You are immune to sickness and miasma.
You are immune to poison.
Your flesh is very heat resistant. (rF++)
You are vulnerable to cold. (rC-)
You float through the air rather than walking.
You learn spells naturally, not from books.
Your magical power is your life essence.
You have superior vitality. (+4 HP)


Message History

Casting: Sting (safe; 1% risk of failure)
Confirm with . or Enter, or press ? or * to list all spells.
Aiming: Sting (safe; 1% risk of failure)
Press: ? - help, Shift-Dir - straight line, f/p - five-headed hydra
Aim: a five-headed hydra (lightly wounded, 92% to hit)
The sting hits the five-headed hydra.
The five-headed hydra is poisoned.
The five-headed hydra is lightly wounded.
Casting: Sting (safe; 1% risk of failure)
Confirm with . or Enter, or press ? or * to list all spells.
You feel a surge of power!
You ignite the poison in your surroundings!
The five-headed hydra seems to burn from within!!
The five-headed hydra is moderately wounded.
The five-headed hydra closely misses you.
The five-headed hydra bites you! The five-headed hydra bites you.
The five-headed hydra barely misses you.
The five-headed hydra bites you!
Casting: Ignite Poison (safe; 1% risk of failure)
Confirm with . or Enter, or press ? or * to list all spells.
Casting: Flame Wave (safe; 1% risk of failure)
Press: ? - help, Dir - look around, f - activate You feel a surge of power!
A wave of flame ripples out!
The flame wave engulfs the five-headed hydra!!
The five-headed hydra is heavily wounded.
The tree burns like a torch! (Press . to intensify the flame waves.)
The five-headed hydra is engulfed in a cloud of scalding steam.
The five-headed hydra misses you. The five-headed hydra bites you!
The five-headed hydra bites you. The five-headed hydra bites you!
The five-headed hydra closely misses you.
A wave of flame ripples out!
The flame wave engulfs the five-headed hydra!
The five-headed hydra is severely wounded.
The five-headed hydra is engulfed in a cloud of scalding steam.
The five-headed hydra bites you!
* * * LOW HITPOINT WARNING * * *
The five-headed hydra bites you!
* * * LOW HITPOINT WARNING * * *
The five-headed hydra bites you!
You die...

..... ##..... ........
###### .......#
#$..P####P......##.#
#......#P...P# .....
...♣.§§.......P# #.#..
....P§D@§...(..##.....
.#......#.#........#
###....####.......#
.######....[.....#
#............#..?.#.##.
....###.[.)###.........
#. #......#..........
#..#####..............
##...............##....


You could see a five-headed hydra.

Vanquished Creatures
  Harold (D:8)
  2 two-headed ogres
  A deep elf pyromancer (D:7)
  Pikel (D:9)
  2 ugly things
  3 cyclopes
  Joseph (D:7)
  A gargoyle (D:7)
  A komodo dragon (D:10)
  4 trolls
  A wraith (D:6)
  A wyvern (D:8)
  A hog (shapeshifter) (D:8)
  3 vampire mosquitoes (D:8)
  An acid dragon (D:9)
  3 ice beasts
  5 orc warriors
  A sky beast (D:7)
  2 black bears
  An ogre (D:4)
  5 centaurs
  6 kobold brigands
  A bullfrog (D:6)
  10 gnoll sergeants
  A scorpion (D:6)
  A water moccasin skeleton (D:5)
  3 wights (D:7)
  4 howler monkeys
  A bullfrog zombie (D:5)
  3 centaur zombies
  5 hounds
  6 gnoll shamans (Bailey)
  A centaur skeleton (D:6)
  10 orc priests
  A jelly (D:5)
  3 iguanas (D:5)
  8 orc wizards
  2 killer bee zombies
  3 howler monkey zombies
  38 gnolls
  10 adders
  3 shadow imps
  A white imp (D:7)
  4 adder skeletons (D:4)
  A worm (D:2)
  3 dart slugs
  12 orcs
  7 bats
  10 endoplasms
  2 giant cockroaches (D:3)
  18 goblins
  10 hobgoblins
  3 quokkas
  8 ball pythons
  3 frilled lizards
  26 kobolds
  7 rats
276 creatures vanquished.

Vanquished Creatures (collateral kills)
  A kobold (D:10)
  A foxfire (D:3)
2 creatures vanquished.

Vanquished Creatures (others)
  40 foxfires
  4 fungi
  13 plants
57 creatures vanquished.

Grand Total: 335 creatures vanquished

Notes
Turn   | Place    | Note
-------+----------+-------------------------------------------
     0 | D:1      | Woods the Djinni Fire Elementalist began the quest for the
                  | Orb.
     0 | D:1      | Reached XP level 1. HP: 15/15 MP: 0/0
   389 | D:1      | Reached XP level 2. HP: 17/21 MP: 0/0
   681 | D:1      | Reached skill level 3 in Spellcasting
   871 | D:1      | Reached XP level 3. HP: 19/25 MP: 0/0
   871 | D:1      | Learned a level 1 spell: Sting
  1459 | D:1      | Found a faded altar of an unknown god.
  2176 | D:2      | Reached XP level 4. HP: 25/31 MP: 0/0
  2188 | D:2      | Reached skill level 4 in Spellcasting
  2591 | D:2      | Found a sacrificial altar of Ru.
  2783 | D:2      | Reached XP level 5. HP: 30/35 MP: 0/0
  2783 | D:2      | Learned a level 2 spell: Poisonous Vapours
  3970 | D:3      | Found a white marble altar of Elyvilon.
  3983 | D:3      | Found an iron altar of Okawaru.
  4139 | D:3      | Reached XP level 6. HP: 38/40 MP: 0/0
  4661 | D:4      | Noticed an ogre
  4687 | D:4      | Reached skill level 5 in Spellcasting
  4693 | D:4      | Killed an ogre
  5235 | D:4      | Found Ymeydymot's General Store.
  5271 | D:4      | Bought a scroll of teleportation for 42 gold pieces
  5309 | D:4      | Reached XP level 7. HP: 34/45 MP: 0/0
  5309 | D:4      | Learned a level 3 spell: Ignite Poison
  5607 | D:4      | Found Ublamn's Armour Emporium.
  5720 | D:4      | Found Ivus Lyaconi's Armour Emporium.
  5844 | D:4      | Found a runed translucent gate.
  5844 | D:4      | Found a runed translucent gate.
  5844 | D:4      | Found a runed translucent gate.
  5844 | D:4      | Noticed Dvallin's ghost (novice KoGl)
  5983 | D:5      | Entered Level 5 of the Dungeon
  5983 | D:5      | Found a runed translucent gate.
  5987 | D:5      | Found a runed translucent gate.
  5988 | D:5      | Found a runed translucent gate.
  6150 | D:5      | Reached skill level 6 in Spellcasting
  6449 | D:5      | Reached skill level 1 in Fighting
  7002 | D:5      | Reached XP level 8. HP: 39/54 MP: 0/0
  7446 | D:5      | Noticed SirDiesAlot's ghost (weakling MiDe)
  7796 | D:6      | Identified the +4 leather armour "Veiwn" {Harm +Blink Will+
                  | Dex+4 Stlth-}
  8065 | D:6      | Noticed a wraith
  8099 | D:6      | Killed a wraith
  8100 | D:6      | Reached skill level 5 in Dodging
  8280 | D:6      | Reached skill level 5 in Fighting
  8280 | D:6      | Reached XP level 9. HP: 31/65 MP: 0/0
  8280 | D:6      | Learned a level 3 spell: Portal Projectile
  8576 | D:6      | Found a staircase to the Ecumenical Temple.
  8651 | D:6      | Identified the +8 plate armour of Resonant Mirth {rPois
                  | Will+ Regen+ Dex+2}
  9011 | Temple   | Entered the Ecumenical Temple
  9263 | Temple   | Became a worshipper of Makhleb the Destroyer
  9355 | D:7      | Found Cotech's Weapon Emporium.
  9360 | D:7      | Found a flagged portal.
 10029 | Bailey   | Entered a bailey
 10035 | Bailey   | Reached skill level 7 in Spellcasting
 10939 | Bailey   | Reached * piety under Makhleb
 10940 | Bailey   | Reached skill level 8 in Spellcasting
 11273 | Bailey   | Identified the +1 robe of the Desert {Regen+ MP+9}
 11561 | D:7      | Reached XP level 10. HP: 68/70 MP: 0/0
 11563 | D:7      | Noticed a gargoyle
 11632 | D:7      | Killed a gargoyle
 11836 | D:7      | Noticed Joseph
 11903 | D:7      | Noticed a deep elf pyromancer
 11909 | D:7      | Killed a deep elf pyromancer
 11910 | D:7      | Reached skill level 9 in Spellcasting
 11943 | D:7      | Found a shimmering altar of Xom.
 12221 | D:7      | Killed Joseph
 12527 | D:7      | Found a burning altar of Makhleb.
 12633 | D:8      | Reached skill level 10 in Spellcasting
 12649 | D:8      | Noticed a harpy
 12651 | D:8      | a harpy changed into a hog
 12681 | D:8      | Noticed a green ugly thing
 12723 | D:8      | Reached ** piety under Makhleb
 12794 | D:8      | Noticed a cyclops
 12801 | D:8      | Killed a cyclops
 12802 | D:8      | Reached skill level 1 in Invocations
 12802 | D:8      | Reached XP level 11. HP: 44/75 MP: 0/0
 12802 | D:8      | Learned a level 4 spell: Summon Lightning Spire
 12830 | D:8      | Found Luul's Elemental Accessories.
 12837 | D:8      | Bought a staff of fire for 375 gold pieces
 13014 | D:8      | Found Useblel's Weapon Emporium.
 13079 | D:8      | Killed a green ugly thing
 13336 | D:9      | Noticed Pikel
 13346 | D:9      | Killed Pikel
 13347 | D:9      | Reached skill level 11 in Spellcasting
 13354 | D:9      | Noticed Harold
 13490 | D:8      | Killed Harold
 13614 | D:9      | Noticed a two-headed ogre
 13631 | D:9      | Killed a two-headed ogre
 13632 | D:9      | Reached skill level 5 in Invocations
 13839 | D:9      | Found a staircase to the Lair.
 14472 | D:10     | Entered Level 10 of the Dungeon
 14492 | D:10     | Noticed a cyclops
 14498 | D:10     | Noticed a brown ugly thing
 14499 | D:10     | Killed a cyclops
 14504 | D:10     | Killed a brown ugly thing
 14507 | D:10     | Noticed a cyclops
 14510 | D:10     | Killed a cyclops
 14613 | D:10     | Reached skill level 12 in Spellcasting
 14631 | D:10     | Reached *** piety under Makhleb
 15075 | D:10     | Found Raetupt's Gadget Gallery.
 15207 | D:11     | Noticed a two-headed ogre
 15213 | D:11     | Killed a two-headed ogre
 15214 | D:11     | Reached XP level 12. HP: 81/84 MP: 0/0
 15265 | D:11     | Found the +2 robe of Vines {NoPotionHeal Regen+++}
 15272 | D:11     | Noticed a five-headed hydra
 15279 | D:11     | Slain by a five-headed hydra

Illustrated notes

Levels and vault maps discovered:
D:1:      erik_arrival_triangle_medium, layout_rooms,
          shapermc_ecumenical_altar_rom_forum
D:2:      layout_basic, basic_altar, minmay_misc_feat_alley,
          corexii_hall_statues_i
D:3:      layout_basic, gammafunk_temple_overflow_forgotten
D:4:      layout_basic, ebering_ghost_rock_garden, serial_shops,
          nicolae_lakefront_shop, shop, shop, minmay_ogre_servants
D:5:      layout_loops_ring, gammafunk_ghost_icy, minivault_24,
          ebering_dispersal_statue_hall, dk_noncrumbling_3, minmay_checkerbox
D:6:      layout_basic, temple_hall, serial_rivers,
          chequers_serial_rivers_micro_e, chequers_serial_rivers_large_a,
          chequers_serial_rivers_large_b, chequers_serial_rivers_micro_e,
          chequers_serial_rivers_micro_a, chequers_serial_rivers_small_b,
          minmay_door_square
D:7:      layout_loops_cross, mainiacjoe_overflow_alcove_2, serial_shops,
          shop_statue, enter_bailey_5, moated_statue, david_defended_altar_orc,
          uniq_joseph
D:8:      kennysheep_blocky_room, layout_basic, serial_shops, shop,
          solitary_fountain, nicolae_elemental_shop
D:9:      layout_basic, dpeg_oklobed_lair, chequers_serial_rivers_small_3,
          uniq_pikel, uniq_harold
D:10:     minmay_curly_fans, layout_basic, nicolae_shop_gadgets
D:11:     layout_cave_pools, hellmonk_guarded_unrand_vines, uniq_psyche,
          uniq_snorg
Temple:   dpeg_five_rooms_temple

Skill      XL: |  1  2  3  4  5  6  7  8  9 10 11 12 |
---------------+-------------------------------------+-----
Spellcasting   | 3 4 5 6 8 10 12 | 12.0
Fighting       | 2 5 6 7 |  7.3
Stealth        | 2 4 |  4.0
Dodging        | 3 5 |  5.0
Invocations    | 1 5 |  5.0

Action                   |  1- 3 |  4- 6 |  7- 9 | 10-12 || total
-------------------------+-------+-------+-------+-------++-------
Melee: Unarmed           |     3 |    16 |     1 |       ||    20
       Staff             |       |       |       |     1 ||     1
 Cast: Foxfire           |    15 |     4 |     1 |     7 ||    27
       Scorch            |    32 |    86 |    63 |    91 ||   272
       Sting             |     3 |       |     9 |     8 ||    20
       Poisonous Vapours |       |     2 |    69 |    67 ||   138
       Conjure Flame     |       |     2 |     2 |     6 ||    10
       Ignite Poison     |       |       |    35 |    31 ||    66
       Portal Projectile |       |       |     2 |     1 ||     3
       Flame Wave        |       |       |       |     9 ||     9
       Inner Flame       |       |       |       |     2 ||     2
       Summon Lightning  |       |       |       |     3 ||     3
  Use: Scroll            |       |       |       |    10 ||    10
Armor: Robe              |     5 |     3 |     8 |    10 ||    26
Dodge: Dodged            |     8 |     5 |    32 |    57 ||   102

Table legend: (Time is in decaauts)
 A = Elapsed time spent in this place.
 B = Non-inter-level travel time spent in this place.
 C = Inter-level travel time spent in this place.
 D = Time resting spent in this place.
 E = Time spent auto-exploring this place.
 F = Levels seen in this place.
 G = Mean time per level.
                   A        B        C        D        E       F      G
               +--------+--------+--------+--------+--------+-----+--------+
         Total |  15277 |  14811 |    466 |   4417 |   8145 |  13 | 1175.2 |
       Dungeon |  13582 |  13200 |    382 |   3512 |   7773 |  11 | 1234.7 |
        Temple |    301 |    217 |     84 |      0 |    201 |   1 |  301.0 |
        Bailey |   1394 |   1394 |      0 |    905 |    171 |   1 | 1394.0 |
               +--------+--------+--------+--------+--------+-----+--------+

Top non-repeatable levels by time:
     D:6: 2083 daAuts
     D:1: 2074 daAuts
     D:2: 1502 daAuts
     D:5: 1491 daAuts
     D:4: 1451 daAuts
  Bailey: 1394 daAuts
     D:7: 1315 daAuts
     D:9: 990 daAuts
     D:3: 953 daAuts
     D:8: 913 daAuts
    D:10: 727 daAuts
  Temple: 301 daAuts
    D:11: 77 daAuts
